AoeStats
← Ebrio

Black Forest

506239672Analyzed
3v3 RM · 20d ago on Sep 12, 2026· 16m 12s· 6 players
Game mode
Random Map
Map size
Normal (6 player)
Population
200
Speed
Normal
Resources
Standard
Victory
Conquest
Starting age
Dark Age
Ending age
Imperial Age
RankedLock teamsTeams togetherTeam positionsShared explorationLock speedFull tech treeHidden civsTurbo modeCheats
Victory
Defeat
🇹🇷 Cumans · Türkiye
990
+13
🇹🇷 Armenians · Türkiye
967
+14
🇹🇷 Franks · Türkiye
950
+15
🇺🇸 Britons · United States
944
-15
🇦🇷 Vietnamese · Argentina
922
-14
🇨🇭 Magyars · Switzerland
908
-13
wangzijia313
0:51 Loom
11:40 Feudal Age
12:11 Double-Bit Axe
Ebrio
0:45 Loom
12:46 Feudal Age
13:58 Horse Collar
14:06 Double-Bit Axe
18:01 Castle Age
Spieler32626386
3:07 Loom
12:39 Feudal Age
13:42 Horse Collar
WellPlayed
10:08 Feudal Age
10:45 Double-Bit Axe
GarbageCollector
11:14 Feudal Age
12:54 Man-at-Arms
13:57 Forging
14:15 Scale Mail Armor
14:05 Long Swordsman
okidoki07
1:33 Loom
14:10 Feudal Age
15:51 Gold Mining
16:01 Double-Bit Axe
Connection lost

Rejoining the realm…

Still unreachable

The connection could not be restored.

Session expired

The server has moved on; the page needs a fresh start.